Atomiques vs Inferno
Created - March 22, 2018 at 19:29
Goals
|
Atomiques |
1 |
1 |
2 |
4 |
Inferno |
1 |
1 |
1 |
3 |
|
Shots
|
Atomiques |
10 |
7 |
14 |
31 |
Inferno |
14 |
12 |
11 |
37 |
|
1st period
1. Inferno , Cal O'Reilly 29 (Tyler Shattock 7, Colby Robak 38) at 3:50
2. Atomiques , Andrew Kozek 23 (Brett Sutter 30) at 8:52
Penalties :
Dwight King (STB) for High sticking (Minor) at 9:11
2nd period
3. Atomiques , Andreas Engqvist 15 (Kyle Wharton 12) at 1:28 (SH)
4. Inferno , Cal O'Reilly 30 (Matthew Nieto 10, Philip Varone 12) at 16:53
Penalties :
Dwight King (STB) for Holding (Minor) at 0:37, Tyler Brenner (STB) for Slashing (Minor) at 13:14, Tyler Brenner (STB) for Hooking (Minor) at 17:27
3rd period
5. Atomiques , Andrew Kozek 24 (Shayne Gostisbehere 37, Brett Sutter 31) at 1:29
6. Atomiques , Shayne Gostisbehere 10 (Tyler Brenner 46) at 5:45
7. Inferno , Tanner Pearson 14 (Cal O'Reilly 20, Esa Lindell 23) at 10:03
Penalties :
Bryan Rust (Anc) for Hooking (Minor) at 18:38
Goalie Stats
Sergei Bobrovsky (STB), 34 saves from 37 shots - (0.919), W, 29-16-3, 60:00 minutes
Christopher Gibson (Anc), 27 saves from 31 shots - (0.871), L, 15-9-0, 60:00 minutes
Players Stats for Atomiques
Player Name G A P +/- PIM S H SB GA TA FO MP PP MP PK MP
------------------------------------------------------------------------------------
Andreas Engqvist 1 0 1 1 0 1 0 0 2 0 4/6 11:56 0:00 3:07
Andrew Kozek 2 0 2 1 0 3 1 0 1 0 0/0 13:13 0:00 1:17
Bobby Farnham 0 0 0 -1 0 1 2 0 0 1 0/0 15:13 0:29 0:00
Brett Sutter 0 2 2 1 0 4 2 0 0 0 2/2 13:39 0:00 1:43
Colby Cohen 0 0 0 0 0 0 0 0 0 0 0/0 0:00 0:00 0:00
Corey Tropp 0 0 0 0 0 2 2 1 0 0 2/4 16:02 0:52 0:00
Darren Kramer 0 0 0 0 0 0 0 0 0 0 0/0 0:16 0:00 0:16
Dwight King 0 0 0 -1 4 3 1 0 1 0 1/1 15:49 0:29 0:22
Eric Gustafsson 0 0 0 0 0 0 0 0 0 0 0/0 0:00 0:00 0:00
Eric Mestery 0 0 0 1 0 1 0 0 0 1 0/0 13:10 0:00 0:00
Fredrik Claesson 0 0 0 0 0 0 0 0 0 0 0/0 0:00 0:00 0:00
John Draeger 0 0 0 1 0 1 0 3 0 0 0/0 13:10 0:00 0:00
Jonas Junland 0 0 0 0 0 0 0 0 0 0 0/0 19:32 0:22 2:54
Joseph Cramarossa 0 0 0 0 0 2 0 0 0 0 0/0 8:47 0:00 0:00
Kenndal McArdle 0 0 0 0 0 1 0 1 0 0 0/0 20:48 0:52 4:46
Kyle Wharton 0 1 1 1 0 1 4 1 1 1 0/0 23:10 0:59 5:02
Marc-André Cliche 0 0 0 0 0 1 2 2 0 0 5/10 17:03 0:29 1:44
Max McCormick 0 0 0 0 0 0 1 0 0 0 0/0 8:47 0:00 0:00
Mike Halmo 0 0 0 0 0 0 0 0 0 0 0/0 0:09 0:00 0:09
Mitch Callahan 0 0 0 1 0 0 1 0 0 0 0/0 11:46 0:00 0:00
Shayne Gostisbehere 1 1 2 -1 0 2 0 0 0 0 0/0 23:40 0:22 2:54
Steve McCarthy 0 0 0 0 0 4 2 4 0 1 0/0 27:18 0:59 5:02
Tyler Brenner 0 1 1 0 4 4 3 1 0 0 13/26 18:32 0:52 2:28
Players Stats for Inferno
Player Name G A P +/- PIM S H SB GA TA FO MP PP MP PK MP
------------------------------------------------------------------------------------
Anders Lee 0 0 0 0 0 6 1 0 0 0 5/13 17:47 4:26 0:09
Bryan Rust 0 0 0 3 2 1 1 0 0 0 0/0 11:50 0:00 0:00
Cal O'Reilly 2 1 3 3 0 2 1 0 1 0 1/3 11:58 0:00 0:00
Christian Folin 0 0 0 -2 0 0 0 1 0 1 0/0 19:39 4:57 0:30
Colby Robak 0 1 1 1 0 1 1 1 0 0 0/0 24:54 4:57 0:51
David Savard 0 0 0 1 0 3 0 1 0 1 0/0 21:41 0:00 0:51
David Ullstrom 0 0 0 -1 0 4 1 0 0 1 0/0 21:25 4:26 0:59
Esa Lindell 0 1 1 0 0 1 0 2 0 2 0/0 18:40 2:59 0:00
Greg Pateryn 0 0 0 0 0 3 0 1 0 0 0/0 18:08 2:59 0:00
Kyle Palmieri 0 0 0 -1 0 6 0 0 0 0 1/2 16:32 3:30 0:00
Mathieu Brodeur 0 0 0 -2 0 0 1 3 0 0 0/0 16:58 0:00 0:30
Matt Kassian 0 0 0 0 0 1 3 1 1 0 0/0 13:00 0:00 0:00
Matthew Nieto 0 1 1 -2 0 0 1 0 0 0 0/0 10:18 0:00 0:13
Philip Varone 0 1 1 -3 0 2 1 0 1 0 2/6 13:18 3:30 0:00
Tanner Pearson 1 0 1 2 0 4 1 1 0 0 0/0 15:08 3:30 0:00
Tyler Shattock 0 1 1 -2 0 1 1 1 0 0 0/1 9:50 0:00 0:00
Vladimir Sobotka 0 0 0 -1 0 0 0 1 0 0 13/22 16:44 0:00 0:59
Vladimir Zharkov 0 0 0 -1 0 2 1 0 1 0 0/2 20:48 4:26 0:22
3 Stars
1 - Cal O'Reilly (Anc)
2 - Andrew Kozek (STB)
3 - Brett Sutter (STB)
Power Play
Atomiques - 0 on 1 Attempt(s) - 0.00%
Inferno - 0 on 4 Attempt(s) - 0.00%
Penalty Kill
Atomiques - 4 on 4 Attempt(s) - 100.00%
- Score 1 goal in Penalty Kill
Inferno - 1 on 1 Attempt(s) - 100.00%
- Score 0 goal in Penalty Kill
Team Stat
Atomiques - Hits : 21 - Faceoff Wins : 27 - Blocked Shots : 13 - Penalty Minutes : 8
Inferno - Hits : 14 - Faceoff Wins : 22 - Blocked Shots : 13 - Penalty Minutes : 2
Official
Referees : Ciamaga Chris and Morton Dean
Linesman : Lyle Seitz and Derek Amell
Game Notes
No Game Note
Finance
Level 1 -- Attendance: 1415 (70.75%) -- Ticket Income $56,600
Level 2 -- Attendance: 751 (75.10%) -- Ticket Income $15,020
Total Attendance: 2166 (72.20%)
Total Ticket Income: $71,620
Other Income: $3,581
Total Income: $75,201
Atomiques
5 vs 5 Forward
Center Left Wing Right Wing Time % Phy DF OF
1 Tyler Brenner Kenndal McArdle Corey Tropp 40 1 2 2
2 Marc-André Cliche Dwight King Bobby Farnham 30 1 2 2
3 Brett Sutter Andrew Kozek Mitch Callahan 20 1 2 2
4 Andreas Engqvist Joseph Cramarossa Max McCormick 10 1 2 2
5 vs 5 Defense
Defense Defense Time % Phy DF OF
1 Steve McCarthy Shayne Gostisbehere 40 1 2 2
2 Jonas Junland Kyle Wharton 30 1 2 2
3 Eric Mestery John Draeger 20 1 2 2
4 Steve McCarthy Kyle Wharton 10 1 2 2
PowerPlay Forward
Center Left Wing Right Wing Time % Phy DF OF
1 Tyler Brenner Kenndal McArdle Corey Tropp 60 1 2 2
2 Marc-André Cliche Dwight King Bobby Farnham 40 1 2 2
PowerPlay Defense
Defense Defense Time % Phy DF OF
1 Steve McCarthy Kyle Wharton 60 1 2 2
2 Jonas Junland Shayne Gostisbehere 40 1 2 2
Penalty Kill 4 Players Forward
Center Wing Time % Phy DF OF
1 Tyler Brenner Kenndal McArdle 60 1 2 2
2 Dwight King Marc-André Cliche 40 1 2 2
Penalty Kill 4 Players Defense
Defense Defense Time % Phy DF OF
1 Steve McCarthy Kyle Wharton 60 1 2 2
2 Jonas Junland Shayne Gostisbehere 40 1 2 2
Penalty Kill - 3 Players Forward
Forward Time % Phy DF OF
1 Tyler Brenner 60 1 2 2
2 Kenndal McArdle 40 1 2 2
Penalty Kill - 3 Players Defense
Defense Defense Time % Phy DF OF
1 Steve McCarthy Kyle Wharton 60 1 2 2
2 Jonas Junland Shayne Gostisbehere 40 1 2 2
4 vs 4 Forward
Center Wing Time % Phy DF OF
1 Tyler Brenner Kenndal McArdle 60 1 2 2
2 Dwight King Marc-André Cliche 40 1 2 2
4 vs 4 Defense
Defense Defense Time % Phy DF OF
1 Steve McCarthy Kyle Wharton 60 1 2 2
2 Jonas Junland Shayne Gostisbehere 40 1 2 2
Last Minutes Offensive
Center Left Wing Right Wing Defense Defense
Tyler Brenner Kenndal McArdle Corey Tropp Steve McCarthy Kyle Wharton
Last Minutes Defensive
Center Left Wing Right Wing Defense Defense
Tyler Brenner Kenndal McArdle Corey Tropp Steve McCarthy Kyle Wharton
Goaltenders
Starting : Sergei Bobrovsky
Backup : Jeremy Smith
Extra Forwards
Normal : Andrew Kozek, Brett Sutter, Andreas Engqvist - PP : Andrew Kozek, Brett Sutter - PK : Andreas Engqvist
Extra Defensemen
Normal : Eric Mestery, John Draeger, Jonas Junland - PP : Eric Mestery - PK : John Draeger, Jonas Junland
Penalty Shots
Tyler Brenner, Kenndal McArdle, Dwight King, Marc-André Cliche, Andrew Kozek
Scratches
Davis Drewiske (Suspend), Ryan Shannon (Suspend), Anthony Nigro (Back Spasms Injury), Francois Tremblay (Healthy)
Inferno
5 vs 5 Forward
Center Left Wing Right Wing Time % Phy DF OF
1 Vladimir Sobotka David Ullstrom Vladimir Zharkov 40 1 2 2
2 Anders Lee Matt Kassian Kyle Palmieri 30 1 2 2
3 Cal O'Reilly Tanner Pearson Bryan Rust 20 1 2 2
4 Philip Varone Matthew Nieto Tyler Shattock 10 1 2 2
5 vs 5 Defense
Defense Defense Time % Phy DF OF
1 Colby Robak David Savard 40 1 2 2
2 Mathieu Brodeur Christian Folin 30 1 2 2
3 Greg Pateryn Esa Lindell 20 1 2 2
4 Mathieu Brodeur David Savard 10 1 2 2
PowerPlay Forward
Center Left Wing Right Wing Time % Phy DF OF
1 Anders Lee David Ullstrom Vladimir Zharkov 60 1 2 2
2 Philip Varone Tanner Pearson Kyle Palmieri 40 1 2 2
PowerPlay Defense
Defense Defense Time % Phy DF OF
1 Colby Robak Christian Folin 60 1 2 2
2 Greg Pateryn Esa Lindell 40 1 2 2
Penalty Kill 4 Players Forward
Center Wing Time % Phy DF OF
1 Vladimir Sobotka David Ullstrom 60 1 2 2
2 Anders Lee Vladimir Zharkov 40 1 2 2
Penalty Kill 4 Players Defense
Defense Defense Time % Phy DF OF
1 Colby Robak David Savard 60 1 2 2
2 Mathieu Brodeur Christian Folin 40 1 2 2
Penalty Kill - 3 Players Forward
Forward Time % Phy DF OF
1 Vladimir Sobotka 60 1 2 2
2 David Ullstrom 40 1 2 2
Penalty Kill - 3 Players Defense
Defense Defense Time % Phy DF OF
1 Colby Robak David Savard 60 1 2 2
2 Mathieu Brodeur Christian Folin 40 1 2 2
4 vs 4 Forward
Center Wing Time % Phy DF OF
1 Vladimir Sobotka Kyle Palmieri 60 1 2 2
2 Anders Lee David Ullstrom 40 1 2 2
4 vs 4 Defense
Defense Defense Time % Phy DF OF
1 Colby Robak David Savard 60 1 2 2
2 Mathieu Brodeur Christian Folin 40 1 2 2
Last Minutes Offensive
Center Left Wing Right Wing Defense Defense
Vladimir Sobotka David Ullstrom Vladimir Zharkov Colby Robak David Savard
Last Minutes Defensive
Center Left Wing Right Wing Defense Defense
Vladimir Sobotka David Ullstrom Vladimir Zharkov Colby Robak David Savard
Goaltenders
Starting : Christopher Gibson
Backup : Michael Hutchinson
Extra Forwards
Normal : Anders Lee, Kyle Palmieri, Bryan Rust - PP : Tanner Pearson, Bryan Rust - PK : Vladimir Zharkov
Extra Defensemen
Normal : Mathieu Brodeur, Christian Folin, Greg Pateryn - PP : Esa Lindell - PK : Mathieu Brodeur, Greg Pateryn
Penalty Shots
Anders Lee, Vladimir Zharkov, Tanner Pearson, Bryan Rust, Matt Kassian
Scratches
Chris Brown (Healthy), Victor Rask (Healthy), Frank Corrado (Healthy), Ryan Spooner (Healthy), Joakim Nordstrom (Healthy)
Trevor Carrick (Healthy), Petteri Lindbohm (Healthy), Daniil Tarasov (Healthy), Branden Troock (Healthy), Simon Danis-Pepin (Healthy)
Luca Sbisa (Healthy), Nathan Lieuwen (Healthy)
% Time on Ice - Atomiques
Lines # - Real PCT - Wanted PCT - Time Play
Normal Forward
1 - 30% - 40% - 15:20
2 - 29% - 30% - 14:50
3 - 23% - 20% - 11:46
4 - 17% - 10% - 8:47
Normal Defense
1 - 39% - 40% - 19:42
2 - 32% - 30% - 16:16
3 - 26% - 20% - 13:10
4 - 3% - 10% - 1:35
PP Forward
1 - 64% - 60% - 0:52
2 - 36% - 40% - 0:29
PP Defense
1 - 73% - 60% - 0:59
2 - 27% - 40% - 0:22
PK Forward
1 - 78% - 60% - 6:12
2 - 22% - 40% - 1:44
PK Defense
1 - 63% - 60% - 5:02
2 - 37% - 40% - 2:54
PK3 Forward
1 - 0% - 60%
2 - 0% - 40%
PK3 Defense
1 - 0% - 60%
2 - 0% - 40%
44 Forward
1 - 0% - 60%
2 - 0% - 40%
44 Defense
1 - 0% - 60%
2 - 0% - 40%
Last Minute Offensive - 0:00
Last Minute Defensive - 0:00
Total
Forward - 60:00
Defense - 60:00
|
% Time on Ice - Inferno
Lines # - Real PCT - Wanted PCT - Time Play
Normal Forward
1 - 32% - 40% - 16:00
2 - 26% - 30% - 13:02
3 - 23% - 20% - 11:51
4 - 19% - 10% - 9:50
Normal Defense
1 - 36% - 40% - 18:30
2 - 26% - 30% - 13:17
3 - 29% - 20% - 14:52
4 - 8% - 10% - 4:04
PP Forward
1 - 56% - 60% - 4:26
2 - 44% - 40% - 3:30
PP Defense
1 - 62% - 60% - 4:57
2 - 38% - 40% - 2:59
PK Forward
1 - 89% - 60% - 1:12
2 - 11% - 40% - 0:09
PK Defense
1 - 63% - 60% - 0:51
2 - 37% - 40% - 0:30
PK3 Forward
1 - 0% - 60%
2 - 0% - 40%
PK3 Defense
1 - 0% - 60%
2 - 0% - 40%
44 Forward
1 - 0% - 60%
2 - 0% - 40%
44 Defense
1 - 0% - 60%
2 - 0% - 40%
Last Minute Offensive - 0:00
Last Minute Defensive - 0:00
Total
Forward - 60:00
Defense - 60:00
|
Play by Play
1st period
0:01 of 1st period - Vladimir Sobotka wins face-off versus Corey Tropp in neutral zone.
0:10 of 1st period - Slapshot by David Ullstrom.
0:10 of 1st period - Shot Blocked by Steve McCarthy.
0:16 of 1st period - David Savard is hit by Tyler Brenner and loses puck.
0:31 of 1st period - Wrist shot by Kyle Palmieri.
0:31 of 1st period - Stopped by Sergei Bobrovsky with a rebound.
0:47 of 1st period - Snap shot by Anders Lee.
0:47 of 1st period - Stopped by Sergei Bobrovsky without a rebound.
0:48 of 1st period - Brett Sutter wins face-off versus Cal O'Reilly in Atomiques zone.
1:50 of 1st period - Off-side.
1:51 of 1st period - Marc-André Cliche wins face-off versus Anders Lee in neutral zone.
2:00 of 1st period - Slapshot by Marc-André Cliche.
2:00 of 1st period - Shot Blocked by Matt Kassian.
2:22 of 1st period - Slapshot by Tanner Pearson.
2:22 of 1st period - Stopped by Sergei Bobrovsky without a rebound.
2:23 of 1st period - Tyler Brenner wins face-off versus Cal O'Reilly in Atomiques zone.
2:36 of 1st period - Snap shot by Tyler Brenner.
2:36 of 1st period - Stopped by Christopher Gibson with a rebound.
2:38 of 1st period - Slapshot by Eric Mestery.
2:38 of 1st period - Shot Misses the Net.
3:50 of 1st period - Slapshot by Cal O'Reilly.
3:50 of 1st period - Goal by Cal O'Reilly - Atomiques : 0 - Inferno : 1.
3:51 of 1st period - Vladimir Sobotka wins face-off versus Tyler Brenner in neutral zone.
4:02 of 1st period - Snap shot by David Ullstrom.
4:02 of 1st period - Stopped by Sergei Bobrovsky without a rebound.
4:03 of 1st period - Vladimir Sobotka wins face-off versus Tyler Brenner in Atomiques zone.
4:04 of 1st period - Snap shot by David Ullstrom.
4:04 of 1st period - Shot Blocked by Steve McCarthy.
4:06 of 1st period - Wrist shot by David Ullstrom.
4:06 of 1st period - Shot Misses the Net.
4:08 of 1st period - Snap shot by Greg Pateryn.
4:08 of 1st period - Stopped by Sergei Bobrovsky with a rebound.
4:10 of 1st period - Snap shot by David Ullstrom.
4:10 of 1st period - Shot Blocked by Steve McCarthy.
5:11 of 1st period - Slapshot by Steve McCarthy.
5:11 of 1st period - Deflect By David Savard.
5:11 of 1st period - Stopped by Christopher Gibson with a rebound.
5:13 of 1st period - Slapshot by Joseph Cramarossa.
5:13 of 1st period - Shot Misses the Net.
5:15 of 1st period - Slapshot by Shayne Gostisbehere.
5:15 of 1st period - Shot Misses the Net.
5:17 of 1st period - Slapshot by Andreas Engqvist.
5:17 of 1st period - Deflect By Joseph Cramarossa.
5:17 of 1st period - Stopped by Christopher Gibson with a rebound.
5:19 of 1st period - Wrist shot by Steve McCarthy.
5:19 of 1st period - Stopped by Christopher Gibson without a rebound.
5:20 of 1st period - Vladimir Sobotka wins face-off versus Tyler Brenner in Inferno zone.
5:52 of 1st period - Wrist shot by Kyle Palmieri.
5:52 of 1st period - Shot Blocked by Marc-André Cliche.
5:54 of 1st period - Slapshot by David Savard.
5:54 of 1st period - Shot Misses the Net.
6:44 of 1st period - Snap shot by Vladimir Zharkov.
6:44 of 1st period - Shot Blocked by Corey Tropp.
6:46 of 1st period - Slapshot by David Ullstrom.
6:46 of 1st period - Shot Misses the Net.
8:03 of 1st period - Anders Lee is hit by Corey Tropp and loses puck.
8:22 of 1st period - Dwight King is hit by Matthew Nieto and loses puck.
8:50 of 1st period - Snap shot by Brett Sutter.
8:50 of 1st period - Stopped by Christopher Gibson with a rebound.
8:52 of 1st period - Backhand shot by Andrew Kozek.
8:52 of 1st period - Goal by Andrew Kozek - Atomiques : 1 - Inferno : 1.
8:53 of 1st period - Vladimir Sobotka wins face-off versus Tyler Brenner in neutral zone.
9:06 of 1st period - Snap shot by David Ullstrom.
9:06 of 1st period - Shot Misses the Net.
9:08 of 1st period - Snap shot by Vladimir Zharkov.
9:08 of 1st period - Deflect By Steve McCarthy.
9:08 of 1st period - Stopped by Sergei Bobrovsky without a rebound.
9:09 of 1st period - Marc-André Cliche wins face-off versus Anders Lee in Atomiques zone.
9:11 of 1st period - Minor Penalty to Dwight King for High sticking.
9:12 of 1st period - Anders Lee wins face-off versus Tyler Brenner in Atomiques zone.
9:12 of 1st period - Slapshot by Vladimir Zharkov.
9:12 of 1st period - Deflect By Anders Lee.
9:12 of 1st period - Deflect By Steve McCarthy.
9:12 of 1st period - Stopped by Sergei Bobrovsky with a rebound.
9:14 of 1st period - Snap shot by Anders Lee.
9:14 of 1st period - Stopped by Sergei Bobrovsky without a rebound.
9:15 of 1st period - Tyler Brenner wins face-off versus Anders Lee in Atomiques zone.
9:26 of 1st period - Slapshot by Anders Lee.
9:26 of 1st period - Shot Blocked by Steve McCarthy.
9:28 of 1st period - Snap shot by David Ullstrom.
9:28 of 1st period - Stopped by Sergei Bobrovsky without a rebound.
9:29 of 1st period - Anders Lee wins face-off versus Tyler Brenner in Atomiques zone.
9:32 of 1st period - Wrist shot by Vladimir Zharkov.
9:32 of 1st period - Shot Misses the Net.
9:42 of 1st period - Wrist shot by Anders Lee.
9:42 of 1st period - Stopped by Sergei Bobrovsky with a rebound.
11:08 of 1st period - Vladimir Zharkov is hit by Kyle Wharton and loses puck.
11:11 of 1st period - Penalty to Dwight King is over, Dwight King is back on ice.
11:23 of 1st period - Icing by Dwight King.
11:24 of 1st period - Cal O'Reilly wins face-off versus Andreas Engqvist in Atomiques zone.
11:33 of 1st period - David Savard is hit by Steve McCarthy and loses puck.
13:08 of 1st period - Backhand shot by Matthew Nieto.
13:08 of 1st period - Shot Misses the Net.
13:24 of 1st period - Shayne Gostisbehere is hit by Matt Kassian and loses puck.
13:35 of 1st period - Snap shot by Brett Sutter.
13:35 of 1st period - Stopped by Christopher Gibson with a rebound.
13:37 of 1st period - Snap shot by Brett Sutter.
13:37 of 1st period - Shot Blocked by Vladimir Sobotka.
13:57 of 1st period - David Savard is hit by Corey Tropp and loses puck.
15:22 of 1st period - Kenndal McArdle is hit by Anders Lee and loses puck.
15:40 of 1st period - Colby Robak is hit by Dwight King and loses puck.
16:51 of 1st period - Snap shot by Tanner Pearson.
16:51 of 1st period - Stopped by Sergei Bobrovsky without a rebound.
16:52 of 1st period - Vladimir Sobotka wins face-off versus Marc-André Cliche in Atomiques zone.
16:55 of 1st period - Wrist shot by David Ullstrom.
16:55 of 1st period - Stopped by Sergei Bobrovsky with a rebound.
16:57 of 1st period - Slapshot by David Savard.
16:57 of 1st period - Stopped by Sergei Bobrovsky with a rebound.
17:14 of 1st period - Bryan Rust is hit by Kyle Wharton.
18:48 of 1st period - Wrist shot by Marc-André Cliche.
18:48 of 1st period - Shot Blocked by Colby Robak.
18:50 of 1st period - Slapshot by John Draeger.
18:50 of 1st period - Stopped by Christopher Gibson with a rebound.
19:00 of 1st period - Snap shot by Kenndal McArdle.
19:00 of 1st period - Stopped by Christopher Gibson with a rebound.
19:02 of 1st period - Snap shot by Tyler Brenner.
19:02 of 1st period - Deflect By Corey Tropp.
19:02 of 1st period - Stopped by Christopher Gibson with a rebound.
19:12 of 1st period - Wrist shot by Dwight King.
19:12 of 1st period - Shot Misses the Net.
Goals for this period are 1 for Atomiques vs 1 for Inferno.
Shots for this period are 10 for Atomiques vs 14 for Inferno.
2nd period
0:01 of 2nd period - Vladimir Sobotka wins face-off versus Tyler Brenner in neutral zone.
0:06 of 2nd period - Slapshot by Colby Robak.
0:06 of 2nd period - Shot Blocked by Tyler Brenner.
0:16 of 2nd period - Vladimir Zharkov is hit by Steve McCarthy and loses puck.
0:34 of 2nd period - Snap shot by Dwight King.
0:34 of 2nd period - Deflect By Marc-André Cliche.
0:34 of 2nd period - Shot Misses the Net.
0:34 of 2nd period - Puck is out of play.
0:35 of 2nd period - Anders Lee wins face-off versus Marc-André Cliche in Inferno zone.
0:37 of 2nd period - Minor Penalty to Dwight King for Holding.
0:38 of 2nd period - Tyler Brenner wins face-off versus Anders Lee in Atomiques zone.
1:03 of 2nd period - Kenndal McArdle is hit by Philip Varone and loses puck.
1:22 of 2nd period - Slapshot by Steve McCarthy.
1:22 of 2nd period - Stopped by Christopher Gibson with a rebound.
1:28 of 2nd period - Wrist shot by Andreas Engqvist.
1:28 of 2nd period - Goal by Andreas Engqvist - Atomiques : 2 - Inferno : 1.
1:29 of 2nd period - Tyler Brenner wins face-off versus Anders Lee in neutral zone.
2:04 of 2nd period - Snap shot by Kyle Palmieri.
2:04 of 2nd period - Shot Misses the Net.
2:37 of 2nd period - Penalty to Dwight King is over, Dwight King is back on ice.
3:01 of 2nd period - Snap shot by Philip Varone.
3:01 of 2nd period - Stopped by Sergei Bobrovsky with a rebound.
3:28 of 2nd period - Snap shot by Brett Sutter.
3:28 of 2nd period - Shot Misses the Net.
3:30 of 2nd period - Wrist shot by Andrew Kozek.
3:30 of 2nd period - Shot Misses the Net.
3:32 of 2nd period - Wrist shot by Brett Sutter.
3:32 of 2nd period - Stopped by Christopher Gibson with a rebound.
3:48 of 2nd period - Snap shot by David Savard.
3:48 of 2nd period - Shot Blocked by Kenndal McArdle.
4:08 of 2nd period - Backhand shot by Dwight King.
4:08 of 2nd period - Shot Blocked by Mathieu Brodeur.
4:18 of 2nd period - Slapshot by David Savard.
4:18 of 2nd period - Stopped by Sergei Bobrovsky with a rebound.
4:37 of 2nd period - Snap shot by Tanner Pearson.
4:37 of 2nd period - Shot Misses the Net.
4:39 of 2nd period - Slapshot by Tanner Pearson.
4:39 of 2nd period - Stopped by Sergei Bobrovsky without a rebound.
4:40 of 2nd period - Andreas Engqvist wins face-off versus Vladimir Sobotka in Atomiques zone.
5:58 of 2nd period - Wrist shot by David Ullstrom.
5:58 of 2nd period - Stopped by Sergei Bobrovsky with a rebound.
6:59 of 2nd period - Wrist shot by Andrew Kozek.
6:59 of 2nd period - Shot Misses the Net.
7:21 of 2nd period - Slapshot by Kenndal McArdle.
7:21 of 2nd period - Shot Misses the Net.
8:30 of 2nd period - Snap shot by Kenndal McArdle.
8:30 of 2nd period - Shot Misses the Net.
8:32 of 2nd period - Wrist shot by Corey Tropp.
8:32 of 2nd period - Shot Misses the Net.
8:38 of 2nd period - Slapshot by Tyler Brenner.
8:38 of 2nd period - Shot Misses the Net.
8:58 of 2nd period - Off-side.
8:59 of 2nd period - Andreas Engqvist wins face-off versus Vladimir Sobotka in neutral zone.
9:11 of 2nd period - Off-side.
9:12 of 2nd period - Corey Tropp wins face-off versus Philip Varone in neutral zone.
9:15 of 2nd period - Backhand shot by Shayne Gostisbehere.
9:15 of 2nd period - Shot Misses the Net.
9:25 of 2nd period - Snap shot by Tyler Brenner.
9:25 of 2nd period - Shot Misses the Net.
10:23 of 2nd period - Tanner Pearson is hit by Max McCormick and loses puck.
10:48 of 2nd period - Matthew Nieto is hit by Tyler Brenner and loses puck.
11:03 of 2nd period - Slapshot by Dwight King.
11:03 of 2nd period - Stopped by Christopher Gibson with a rebound.
11:05 of 2nd period - Snap shot by Marc-André Cliche.
11:05 of 2nd period - Stopped by Christopher Gibson without a rebound.
11:06 of 2nd period - Marc-André Cliche wins face-off versus Vladimir Sobotka in Inferno zone.
11:41 of 2nd period - Wrist shot by Anders Lee.
11:41 of 2nd period - Shot Misses the Net.
12:42 of 2nd period - Snap shot by David Savard.
12:42 of 2nd period - Stopped by Sergei Bobrovsky without a rebound.
12:43 of 2nd period - Philip Varone wins face-off versus Marc-André Cliche in Atomiques zone.
12:43 of 2nd period - Philip Varone is hit by Marc-André Cliche.
12:45 of 2nd period - Slapshot by Esa Lindell.
12:45 of 2nd period - Stopped by Sergei Bobrovsky without a rebound.
12:46 of 2nd period - Dwight King wins face-off versus Philip Varone in Atomiques zone.
13:05 of 2nd period - Snap shot by Philip Varone.
13:05 of 2nd period - Shot Misses the Net.
13:07 of 2nd period - Snap shot by Philip Varone.
13:07 of 2nd period - Shot Blocked by Kyle Wharton.
13:09 of 2nd period - Slapshot by Tyler Shattock.
13:09 of 2nd period - Stopped by Sergei Bobrovsky with a rebound.
13:11 of 2nd period - Slapshot by David Savard.
13:11 of 2nd period - Deflect By Philip Varone.
13:11 of 2nd period - Stopped by Sergei Bobrovsky without a rebound.
13:12 of 2nd period - Corey Tropp wins face-off versus Vladimir Sobotka in Atomiques zone.
13:14 of 2nd period - Minor Penalty to Tyler Brenner for Slashing.
13:15 of 2nd period - Anders Lee wins face-off versus Andreas Engqvist in Atomiques zone.
13:41 of 2nd period - Colby Robak is hit by Kyle Wharton and loses puck.
14:39 of 2nd period - Colby Robak is hit by Andrew Kozek and loses puck.
15:14 of 2nd period - Penalty to Tyler Brenner is over, Tyler Brenner is back on ice.
15:58 of 2nd period - Vladimir Zharkov is hit by Bobby Farnham and loses puck.
16:11 of 2nd period - Slapshot by Brett Sutter.
16:11 of 2nd period - Stopped by Christopher Gibson with a rebound.
16:21 of 2nd period - Kyle Palmieri is hit by Tyler Brenner and loses puck.
16:32 of 2nd period - Snap shot by Kyle Palmieri.
16:32 of 2nd period - Stopped by Sergei Bobrovsky with a rebound.
16:53 of 2nd period - Wrist shot by Cal O'Reilly.
16:53 of 2nd period - Goal by Cal O'Reilly - Atomiques : 2 - Inferno : 2.
16:54 of 2nd period - Kyle Palmieri wins face-off versus Corey Tropp in neutral zone.
16:57 of 2nd period - Slapshot by Greg Pateryn.
16:57 of 2nd period - Stopped by Sergei Bobrovsky with a rebound.
17:05 of 2nd period - Wrist shot by Anders Lee.
17:05 of 2nd period - Stopped by Sergei Bobrovsky without a rebound.
17:06 of 2nd period - Vladimir Sobotka wins face-off versus Tyler Brenner in Atomiques zone.
17:27 of 2nd period - Minor Penalty to Tyler Brenner for Hooking.
17:28 of 2nd period - Andreas Engqvist wins face-off versus Vladimir Zharkov in Atomiques zone.
18:44 of 2nd period - Icing by Esa Lindell.
18:45 of 2nd period - Brett Sutter wins face-off versus Philip Varone in Inferno zone.
18:46 of 2nd period - Wrist shot by Andrew Kozek.
18:46 of 2nd period - Stopped by Christopher Gibson with a rebound.
18:52 of 2nd period - Slapshot by Brett Sutter.
18:52 of 2nd period - Deflect By Andrew Kozek.
18:52 of 2nd period - Shot Blocked by Greg Pateryn.
18:52 of 2nd period - Puck is out of play.
18:53 of 2nd period - Andreas Engqvist wins face-off versus Anders Lee in Inferno zone.
19:04 of 2nd period - Kyle Wharton is hit by David Ullstrom and loses puck.
19:17 of 2nd period - Kyle Wharton is hit by Tanner Pearson and loses puck.
19:27 of 2nd period - Penalty to Tyler Brenner is over, Tyler Brenner is back on ice.
19:30 of 2nd period - Snap shot by Shayne Gostisbehere.
19:30 of 2nd period - Deflect By Dwight King.
19:30 of 2nd period - Shot Misses the Net.
19:30 of 2nd period - Puck is out of play.
19:31 of 2nd period - Vladimir Sobotka wins face-off versus Marc-André Cliche in Inferno zone.
Goals for this period are 1 for Atomiques vs 1 for Inferno.
Shots for this period are 7 for Atomiques vs 12 for Inferno.
3rd period
0:01 of 3rd period - Tyler Brenner wins face-off versus Vladimir Sobotka in neutral zone.
0:16 of 3rd period - Snap shot by Tyler Brenner.
0:16 of 3rd period - Shot Blocked by David Savard.
0:26 of 3rd period - David Savard is hit by Mitch Callahan and loses puck.
0:35 of 3rd period - Andrew Kozek is hit by Vladimir Zharkov.
0:38 of 3rd period - Off-side.
0:39 of 3rd period - Anders Lee wins face-off versus Tyler Brenner in neutral zone.
0:42 of 3rd period - Snap shot by Kyle Palmieri.
0:42 of 3rd period - Stopped by Sergei Bobrovsky with a rebound.
0:54 of 3rd period - Wrist shot by Tyler Brenner.
0:54 of 3rd period - Shot Misses the Net.
1:04 of 3rd period - Bryan Rust is hit by Marc-André Cliche and loses puck.
1:09 of 3rd period - Wrist shot by Marc-André Cliche.
1:09 of 3rd period - Shot Misses the Net.
1:11 of 3rd period - Backhand shot by Bobby Farnham.
1:11 of 3rd period - Stopped by Christopher Gibson with a rebound.
1:13 of 3rd period - Slapshot by Steve McCarthy.
1:13 of 3rd period - Stopped by Christopher Gibson with a rebound.
1:23 of 3rd period - Backhand shot by Andrew Kozek.
1:23 of 3rd period - Shot Blocked by Christian Folin.
1:25 of 3rd period - Slapshot by Brett Sutter.
1:25 of 3rd period - Shot Misses the Net.
1:27 of 3rd period - Slapshot by Shayne Gostisbehere.
1:27 of 3rd period - Shot Blocked by Mathieu Brodeur.
1:29 of 3rd period - Wrist shot by Andrew Kozek.
1:29 of 3rd period - Goal by Andrew Kozek - Atomiques : 3 - Inferno : 2.
1:30 of 3rd period - Tyler Brenner wins face-off versus Vladimir Sobotka in neutral zone.
2:22 of 3rd period - Cal O'Reilly is hit by Brett Sutter and loses puck.
2:37 of 3rd period - Slapshot by Eric Mestery.
2:37 of 3rd period - Stopped by Christopher Gibson with a rebound.
3:17 of 3rd period - Snap shot by Kyle Palmieri.
3:17 of 3rd period - Shot Blocked by John Draeger.
3:19 of 3rd period - Wrist shot by Anders Lee.
3:19 of 3rd period - Stopped by Sergei Bobrovsky without a rebound.
3:20 of 3rd period - Tyler Brenner wins face-off versus Kyle Palmieri in Atomiques zone.
3:24 of 3rd period - Off-side.
3:25 of 3rd period - Vladimir Sobotka wins face-off versus Tyler Brenner in neutral zone.
3:59 of 3rd period - Snap shot by Kyle Palmieri.
3:59 of 3rd period - Shot Blocked by Marc-André Cliche.
4:53 of 3rd period - Snap shot by Tyler Brenner.
4:53 of 3rd period - Shot Misses the Net.
4:55 of 3rd period - Snap shot by Corey Tropp.
4:55 of 3rd period - Stopped by Christopher Gibson with a rebound.
5:01 of 3rd period - Slapshot by Corey Tropp.
5:01 of 3rd period - Shot Misses the Net.
5:39 of 3rd period - Snap shot by Marc-André Cliche.
5:39 of 3rd period - Shot Misses the Net.
5:41 of 3rd period - Snap shot by Bobby Farnham.
5:41 of 3rd period - Shot Blocked by Tanner Pearson.
5:43 of 3rd period - Snap shot by Dwight King.
5:43 of 3rd period - Stopped by Christopher Gibson without a rebound.
5:44 of 3rd period - Tyler Brenner wins face-off versus Vladimir Sobotka in Inferno zone.
5:45 of 3rd period - Slapshot by Shayne Gostisbehere.
5:45 of 3rd period - Deflect By David Ullstrom.
5:45 of 3rd period - Goal by Shayne Gostisbehere - Atomiques : 4 - Inferno : 2.
5:46 of 3rd period - Tyler Brenner wins face-off versus Vladimir Sobotka in neutral zone.
6:11 of 3rd period - Bobby Farnham is hit by Matt Kassian.
6:15 of 3rd period - Snap shot by Kyle Palmieri.
6:15 of 3rd period - Deflect By Matt Kassian.
6:15 of 3rd period - Stopped by Sergei Bobrovsky with a rebound.
6:17 of 3rd period - Wrist shot by Kyle Palmieri.
6:17 of 3rd period - Stopped by Sergei Bobrovsky with a rebound.
6:19 of 3rd period - Slapshot by Colby Robak.
6:19 of 3rd period - Stopped by Sergei Bobrovsky with a rebound.
6:21 of 3rd period - Slapshot by Anders Lee.
6:21 of 3rd period - Shot Misses the Net.
6:37 of 3rd period - Steve McCarthy is hit by Cal O'Reilly.
6:53 of 3rd period - Slapshot by Shayne Gostisbehere.
6:53 of 3rd period - Stopped by Christopher Gibson without a rebound.
6:54 of 3rd period - Philip Varone wins face-off versus Tyler Brenner in Inferno zone.
7:25 of 3rd period - Wrist shot by David Ullstrom.
7:25 of 3rd period - Shot Misses the Net.
8:06 of 3rd period - Snap shot by Joseph Cramarossa.
8:06 of 3rd period - Stopped by Christopher Gibson with a rebound.
8:08 of 3rd period - Wrist shot by Max McCormick.
8:08 of 3rd period - Shot Misses the Net.
8:10 of 3rd period - Snap shot by Max McCormick.
8:10 of 3rd period - Shot Blocked by Mathieu Brodeur.
8:32 of 3rd period - Snap shot by Tyler Brenner.
8:32 of 3rd period - Stopped by Christopher Gibson without a rebound.
8:33 of 3rd period - Vladimir Sobotka wins face-off versus Marc-André Cliche in Inferno zone.
8:58 of 3rd period - Tyler Brenner is hit by Colby Robak and loses puck.
9:03 of 3rd period - Slapshot by Kyle Palmieri.
9:03 of 3rd period - Shot Misses the Net.
9:05 of 3rd period - Snap shot by Greg Pateryn.
9:05 of 3rd period - Stopped by Sergei Bobrovsky without a rebound.
9:06 of 3rd period - Tyler Brenner wins face-off versus Anders Lee in Atomiques zone.
9:31 of 3rd period - David Ullstrom is hit by Bobby Farnham and loses puck.
9:36 of 3rd period - Wrist shot by Dwight King.
9:36 of 3rd period - Stopped by Christopher Gibson with a rebound.
9:55 of 3rd period - Wrist shot by Cal O'Reilly.
9:55 of 3rd period - Shot Misses the Net.
10:03 of 3rd period - Wrist shot by Tanner Pearson.
10:03 of 3rd period - Goal by Tanner Pearson - Atomiques : 4 - Inferno : 3.
10:04 of 3rd period - Vladimir Sobotka wins face-off versus Tyler Brenner in neutral zone.
10:11 of 3rd period - Snap shot by Vladimir Sobotka.
10:11 of 3rd period - Shot Misses the Net.
10:36 of 3rd period - Bobby Farnham is hit by Mathieu Brodeur and loses puck.
11:13 of 3rd period - Off-side.
11:14 of 3rd period - Tyler Brenner wins face-off versus Tyler Shattock in neutral zone.
12:06 of 3rd period - Wrist shot by Kyle Palmieri.
12:06 of 3rd period - Stopped by Sergei Bobrovsky with a rebound.
12:12 of 3rd period - Mitch Callahan is hit by Matt Kassian and loses puck.
12:29 of 3rd period - Snap shot by Tyler Brenner.
12:29 of 3rd period - Stopped by Christopher Gibson with a rebound.
12:47 of 3rd period - Off-side.
12:48 of 3rd period - Marc-André Cliche wins face-off versus Philip Varone in neutral zone.
13:02 of 3rd period - Slapshot by Shayne Gostisbehere.
13:02 of 3rd period - Shot Misses the Net.
13:21 of 3rd period - Wrist shot by Vladimir Sobotka.
13:21 of 3rd period - Shot Misses the Net.
13:39 of 3rd period - Slapshot by Bryan Rust.
13:39 of 3rd period - Stopped by Sergei Bobrovsky with a rebound.
13:41 of 3rd period - Snap shot by Cal O'Reilly.
13:41 of 3rd period - Shot Blocked by John Draeger.
13:43 of 3rd period - Wrist shot by Bryan Rust.
13:43 of 3rd period - Shot Blocked by John Draeger.
13:45 of 3rd period - Snap shot by Bryan Rust.
13:45 of 3rd period - Shot Misses the Net.
14:46 of 3rd period - Steve McCarthy is hit by Tyler Shattock and loses puck.
15:12 of 3rd period - Kyle Wharton is hit by Bryan Rust and loses puck.
15:23 of 3rd period - Greg Pateryn is hit by Brett Sutter and loses puck.
16:10 of 3rd period - Snap shot by Dwight King.
16:10 of 3rd period - Shot Blocked by Tyler Shattock.
17:22 of 3rd period - Wrist shot by Vladimir Zharkov.
17:22 of 3rd period - Stopped by Sergei Bobrovsky without a rebound.
17:23 of 3rd period - Tyler Brenner wins face-off versus Vladimir Zharkov in Atomiques zone.
17:34 of 3rd period - Snap shot by Tyler Brenner.
17:34 of 3rd period - Stopped by Christopher Gibson with a rebound.
17:36 of 3rd period - Snap shot by Kenndal McArdle.
17:36 of 3rd period - Shot Blocked by Esa Lindell.
17:38 of 3rd period - Snap shot by Kenndal McArdle.
17:38 of 3rd period - Shot Blocked by Esa Lindell.
18:09 of 3rd period - Snap shot by Kyle Palmieri.
18:09 of 3rd period - Stopped by Sergei Bobrovsky without a rebound.
18:10 of 3rd period - Marc-André Cliche wins face-off versus Anders Lee in Atomiques zone.
18:38 of 3rd period - Minor Penalty to Bryan Rust for Hooking.
18:39 of 3rd period - Tyler Brenner wins face-off versus Vladimir Sobotka in Inferno zone.
18:53 of 3rd period - Slapshot by Kyle Wharton.
18:53 of 3rd period - Stopped by Christopher Gibson without a rebound.
18:54 of 3rd period - Dan Bylsma call a timeout for Inferno.
18:54 of 3rd period - Vladimir Sobotka wins face-off versus Tyler Brenner in Inferno zone.
19:03 of 3rd period - Vladimir Sobotka is hit by Kyle Wharton and loses puck.
Goals for this period are 2 for Atomiques vs 1 for Inferno.
Shots for this period are 14 for Atomiques vs 11 for Inferno.
Back to the Top